 Dungeon Crawl Stone Soup version 0.30.0-29-ga12c61a403 (webtiles) character file.

Game seed: 11505462916042921921

23 hawla the Firebug (level 3, -1/26 HPs)
             Began as a Meteoran Fire Elementalist on June 9, 2023.
             Slain by an ogre
             ... wielding a +0 giant club
              (19 damage)
             ... on level 4 of the Dungeon.
             The game lasted 00:03:02 (214 turns).

hawla the Firebug (Meteoran Fire Elementalist)       Turns: 214, Time: 00:03:03

Health: -1/26      AC:  2    Str:  9    XL:     3   Next: 29%
Magic:  2/8        EV: 12    Int: 19    God:
Gold:   66         SH:  0    Dex: 14    Spells: 5/8 levels left

rFire   . . .        e - +0 flail
rCold   . . .        (no shield)
rNeg    . . .        a - +0 robe
rPois   .            (no helmet)
rElec   .            (no cloak)
rCorr   .            (no gloves)
SInv    .            (no boots)
Will    .....        (no amulet)
Stlth   +            (no ring)
HPRegen 0.24/turn    (no ring)
MPRegen 0.11/turn

%: no passive effects
@: glowing
A: sense surroundings 1, otherworldly, glowing, explore regen
a: no special abilities


You were on level 4 of the Dungeon.
You visited 1 branch of the dungeon, and saw 4 of its levels.

You collected 66 gold pieces.

Inventory:

Hand Weapons
 e - a +0 flail (weapon)
Armour
 a - a +0 robe (worn)
Potions
 d - a potion of ambrosia {unknown}


   Skills:
 + Level 2.6 Dodging
 - Level 1.4 Stealth
 + Level 3.1 Spellcasting
 + Level 1.5 Conjurations
 + Level 4.3 Fire Magic


You had 5 spell levels left.
You knew the following spells:

 Your Spells              Type           Power      Damage    Failure   Level
a - Foxfire               Conj/Fire      56%        2x1d6     4%          1
b - Scorch                Fire           38%        2d7       3%          2

Your spell library contained the following spells:

 Spells                   Type           Power      Damage    Failure   Level
 Inner Flame              Hex/Fire       11%        N/A       19%         3
 Volatile Blastmotes      Fire/Tloc      22%        2d11      19%         3
 Flame Wave               Conj/Fire      14%        2d6       41%         4
 Alistair's Intoxication  Tmut/Pois      2%         N/A       99%         5
 Borgnjor's Vile Clutch   Necr/Erth      1%         N/A       99%         5
 Eringya's Noxious Bog    Tmut/Pois      1%         N/A       100%        6


Dungeon Overview and Level Annotations

Branches:
Dungeon (4/15) Zot: 2185
 Temple: D:4-7

Altars:
Gozag


Innate Abilities, Weirdness & Mutations

You passively map a small area around you.
You are easily found by Zot.
You glow in the dark.
You regain HP and MP as you explore.


Message History

You conjure some foxfire!
The gnoll hits you from afar with a +0 spear.
Casting: Foxfire (safe; 6% risk of failure)
Confirm with . or Enter, or press ? or * to list all spells.
Flames lash the gnoll.
The gnoll is burned terribly!
You kill the gnoll!
The foxfire hits the ogre.
The ogre is lightly wounded.
The foxfire hits the ogre.
The ogre is moderately wounded.
You have reached level 3!
Your experience leads to an increase in your attributes!
Increase (S)trength, (I)ntelligence, or (D)exterity?
You feel clever. x3
Casting: Scorch (safe; 3% risk of failure)
Confirm with . or Enter, or press ? or * to list all spells.
Flames lash the ogre.
The ogre is severely wounded.
The ogre's fire resistance burns away.
Casting: Scorch (safe; 3% risk of failure)
Confirm with . or Enter, or press ? or * to list all spells.
You don't have enough magic to cast this spell.
Magic courses through your body. The ogre closely misses you.
Casting: Scorch (safe; 3% risk of failure)
Confirm with . or Enter, or press ? or * to list all spells.
You conjure some foxfire!
The gnoll sergeant hits you from afar with a +1 antimagic spear.
You feel your power leaking away.
Casting: Foxfire (safe; 4% risk of failure)
Confirm with . or Enter, or press ? or * to list all spells.
Flames lash the gnoll.
The gnoll is severely wounded.
The gnoll's fire resistance burns away.
The foxfire hits the gnoll.
The gnoll is burned terribly!
The gnoll is almost dead.
The foxfire hits the gnoll.
The gnoll is burned terribly!
You kill the gnoll!
The ogre hits you with a +0 giant club!!
Ouch! That really hurt!
You die...

~ ~ ~ , ... ,, , , .... ,
, *...## * , ###...# , ,,
, * #...g.. , .. #.#.#g.
* #.. , #....)O##
*..........
#.#.#.^@####..........#
#......ยงยง##...#####...#
###....#......#))(#...##
######......#)((#.....
#......#)"[#..#.#
#......#####..#..
#.............#..
#...............#
#.......#########


You could see an ogre (combustible), a gnoll sergeant and a gnoll.

Vanquished Creatures
  2 gnolls (D:4)
  An orc (D:3)
  A ball python (D:1)
  A bat (D:1)
  2 giant cockroaches
  A goblin (D:1)
  3 kobolds
  A frilled lizard (D:1)
  A rat (D:1)
13 creatures vanquished.

Vanquished Creatures (others)
  31 foxfires
31 creatures vanquished.

Grand Total: 44 creatures vanquished

Notes
Turn   | Place    | Note
-------+----------+-------------------------------------------
     0 | D:1      | hawla the Meteoran Fire Elementalist began the quest for
                  | the Orb.
     0 | D:1      | Reached XP level 1. HP: 14/14 MP: 5/5
    34 | D:1      | Reached XP level 2. HP: 20/20 MP: 1/6
    65 | D:1      | Learned a level 2 spell: Scorch
    75 | D:1      | Reached skill level 4 in Fire Magic
   113 | D:3      | Found an opulent altar of Gozag.
   205 | D:4      | Noticed an ogre
   205 | D:4      | Noticed a gnoll sergeant
   211 | D:4      | Reached XP level 3. HP: 22/26 MP: 2/8
   214 | D:4      | Slain by an ogre

Illustrated notes

Levels and vault maps discovered:
D:1:      sevenhm_arrival_forest_fort_small_6, layout_loops_cross,
          shapermc_ecumenical_altar_petra
D:2:      layout_loops_corners, serial_shops, shop
D:3:      layout_basic, mainiacjoe_overflow_alcove_3, grunt_gozag_breadcrumbs,
          serial_shops, nicolae_shop_bloodbath_and_beyond
D:4:      minmay_goblin_kobold_castle, layout_basic, serial_glass,
          glass_columns_c, glass_columns_a, glass_columns_b, glass_columns_a,
          item_on_display_a, due_unseen_surprise, item_on_display_a,
          gup_sewer_entry_bubbles

Skill      XL: |  1  2 |
---------------+-------+-----
Spellcasting   | 3 |  3.1
Fire Magic     | 4 |  4.3
Dodging        | |  2.6
Stealth        | |  1.4
Conjurations   | |  1.5

Action                     || total
---------------------------++-------
  Melee: Unarmed           ||     3
         Flail             ||     1
   Cast: Foxfire           ||    19
         Scorch            ||     5
    Use: Scroll            ||     1
         Potion            ||     1
 Armour: Robe              ||     1
  Dodge: Dodged            ||     5
